 Dungeon Crawl Stone Soup version 0.18-a0-1406-gf4880ca (webtiles) character file.

25 CopycatKevin the Ruffian (level 2, 0/23 HPs)
             Began as a Draconian Transmuter on Feb 24, 2016.
             Succumbed to an adder's poison
             ... on level 1 of the Dungeon.
             The game lasted 00:06:50 (634 turns).

CopycatKevin the Ruffian (Draconian Transmuter)      Turns: 634, Time: 00:06:50

Health: 0/23       AC:  4    Str: 12    XL:     2   Next: 82%
Magic:  5/5        EV: 12    Int: 13    God:
Gold:   28         SH:  0    Dex: 11    Spells: 1 memorised, 4 levels left

rFire  . . .     SeeInvis .       - Unarmed
rCold  . . .     Gourm    .     (armour unavailable)
rNeg   . . .     Faith    .     (no shield)
rPois  .         Spirit   .     (helmet restricted)
rElec  .         Dismiss  .     (no cloak)
rCorr  .         Reflect  .     (no gloves)
SustAt .         Harm     .     (no boots)
MR     .....                    (no amulet)
Stlth  ..........               (no ring)
                                j - ring of loudness (curse)

@: lethally poisoned (0 -> -6), appendage (expiring), not resistant to hostile
enchantments, extremely unstealthy
A: unfitting armour, horns 2, cold-blooded, AC +4
a: End Transformation


You were on level 1 of the Dungeon.
You were not hungry.
You had grown temporary horns.
You visited 1 branch of the dungeon, and saw 1 of its levels.

You collected 28 gold pieces.

Inventory:

Missiles
 a - 12 arrows
Jewellery
 e - an uncursed amulet of faith {unknown}
 j - a cursed ring of loudness (left hand)
Scrolls
 d - 2 scrolls of identify
 f - a scroll of enchant weapon
Potions
 g - a potion of flight
Books
 b - a book of Changes

   Spells                             Type                      Level
   a - Beastly Appendage              Transmutation                1
   b - Sticks to Snakes               Transmutation                2
   c - Spider Form                    Transmutation/Poison         3
   d - Ice Form                       Ice/Transmutation            4
   e - Blade Hands                    Transmutation                5
Comestibles
 c - 2 bread rations
 h - a beef jerky


   Skills:
 + Level 1.4 Fighting
 + Level 2.2 Dodging
 + Level 3.3 Unarmed Combat
 + Level 2.1 Spellcasting
 + Level 2.2 Transmutations


You had 4 spell levels left.
You knew the following spells:

 Your Spells              Type           Power        Failure   Level  Hunger
a - Beastly Appendage     Trmt           #.....       12%         1    ##.....


Dungeon Overview and Level Annotations

Branches:
Dungeon (1/15)

Altars:
Gozag


Innate Abilities, Weirdness & Mutations

Your plain brown scales are hard (AC +4).
Your body does not fit into most forms of armour.
You are cold-blooded and may be slowed by cold attacks.
You have a pair of horns on your head.


Message History

You hit the adder but do no damage.
The adder is almost dead.
The adder barely misses you. The giant cockroach barely misses you.
You hit the adder.
You kill the adder!
* * * LOW HITPOINT WARNING * * *
You feel sick.
The giant cockroach bites you but does no damage.
You barely miss the giant cockroach. You headbutt the giant cockroach.
The giant cockroach is moderately wounded.
* * * LOW HITPOINT WARNING * * *
You feel sick.
The giant cockroach bites you but does no damage.
Your transformation is almost over.
You hit the giant cockroach but do no damage.
Your headbutt misses the giant cockroach.
The giant cockroach is moderately wounded.
* * * LOW HITPOINT WARNING * * *
You feel sick. The giant cockroach closely misses you.
You die...

.................#
.................##
..................##
...........).......#
###########).######
#.......# #....##.#
#.....### #.....@##
#.......######..
#.....##s.......
#.....###†.##.#.
#...).# ...#
#######.....####..#
..............# .>..
.......(......#
##.##
..............# ..


You could see a giant cockroach.

Vanquished Creatures
  An adder (D:1)
  2 dart slugs (D:1)
  A giant cockroach (D:1)
  A goblin (D:1)
  2 hobgoblins (D:1)
  3 bats (D:1)
  A giant newt (D:1)
  2 kobolds (D:1)
13 creatures vanquished.

Notes
Turn   | Place    | Note
--------------------------------------------------------------
     0 | D:1      | CopycatKevin the Draconian Transmuter began the quest for the Orb.
     0 | D:1      | Reached XP level 1. HP: 16/16 MP: 3/3
     7 | D:1      | Found an opulent altar of Gozag.
   268 | D:1      | Reached XP level 2. HP: 8/23 MP: 3/5
   633 | D:1      | HP: 1/23 [poisoned by an adder]
   634 | D:1      | Succumbed to an adder's poison

Vault maps used:
D:1:      sevenhm_arrival_forest_fort_small_6, minmay_cut_off

Skill      XL: |  1 |
---------------+----+-----
Dodging        | 2 |  2.2
Fighting       | |  1.4
Unarmed Combat | |  3.3
Spellcasting   | |  2.1
Transmutations | |  2.2

Action                   || total
-------------------------++-------
Melee: Unarmed           ||    62
 Cast: Beastly Appendage ||     8
 Abil: End Transformatio ||     1
  Use: Scroll            ||     4
       Potion            ||     1
